 Dungeon Crawl Stone Soup version 0.22-a0-571-g4a923d4 (webtiles) character file.

59 iamserjio the Shield-Bearer (level 4, -8/29 HPs)
             Began as a Gargoyle Fighter on July 1, 2018.
             Mangled by an ogre
             ... wielding a +0 giant club
              (14 damage)
             ... on level 4 of the Dungeon.
             The game lasted 00:02:24 (351 turns).

iamserjio the Shield-Bearer (Gargoyle Fighter)       Turns: 351, Time: 00:02:24

Health: -8/29      AC: 10    Str: 25    XL:     4   Next: 3%
Magic:  4/4        EV:  7    Int:  8    God:
Gold:   36         SH:  9    Dex: 10    Spells: 3/3 levels left

rFire    . . .     SeeInvis .   a - +0 war axe
rCold    . . .     Gourm    .   c - +0 shield
rNeg     + . .     Faith    .   b - +0 scale mail
rPois    ∞         Spirit   .   (no helmet)
rElec    +         Reflect  .   (no cloak)
rCorr    .         Harm     .   (no gloves)
MR       .....                  (no boots)
Stlth    ..........             (no amulet)
HPRegen  0.09/turn              (no ring)
MPRegen  0.09/turn              (no ring)

@: mighty
A: negative energy resistance 1, electricity resistance, unbreathing,
petrification resistance, rot immunity, AC +3
a: no special abilities


You were on level 4 of the Dungeon.
You were not hungry.

You visited 1 branch of the dungeon, and saw 4 of its levels.

You collected 36 gold pieces.

Inventory:

Hand Weapons
 a - a +0 war axe (weapon)
Armour
 b - a +0 scale mail (worn)
 c - a +0 shield (worn)
Comestibles
 f - 3 rations


   Skills:
 + Level 3.7 Fighting
 * Level 2.7 Axes
 + Level 3.7 Armour
 + Level 3.7 Shields


You had 3 spell levels left.
You didn't know any spells.
Your spell library was empty.

Dungeon Overview and Level Annotations

Branches:
Dungeon (4/15)
 Temple: D:4-7

Altars:
Gozag


Innate Abilities, Weirdness & Mutations

You are resistant to torment.
Your stone body is resilient. (AC +3)
You are immune to poison.
You resist negative energy. (rN+)
You are resistant to electric shocks. (rElec)
You can survive without breathing.
You are immune to petrification.
You are immune to rotting.


Message History

As you read the scroll labeled KODANI SE SEIH, it crumbles to dust.
You feel blessed for a moment.
It was a scroll of remove curse.
Your surroundings suddenly seem different.
An ogre comes into view. It is wielding a giant club.
The ogre shouts!
The ogre hits you with a giant club!!
Ouch! That really hurt!
Found a robe.
Found an escape hatch in the ceiling.
Found a stone staircase leading down.
You slash the ogre!
The ogre is moderately wounded.
The ogre hits you with a giant club!
* * * LOW HITPOINT WARNING * * *
It was a potion of curing.
You feel better.
You feel very mighty all of a sudden. The ogre barely misses you.
You slice the ogre!!
The ogre is almost dead.
The ogre hits you with a giant club!
You die...

..... ....> ##
...... #.
...... #.#
#####.###...[..
#.#
.............
#.#
..........####.
#.#
......O@..<....
#.#
..........####.
#.# ######..#.#
#.# ##.#.#
#####.#### #..
# #.<......#
##. #........#
.
#..............
#.
#.........#####


You could see an ogre.

Vanquished Creatures
  A worker ant (D:3)
  An adder (D:3)
  A leopard gecko (D:3)
  2 bats
  4 giant cockroaches
  A hobgoblin (D:1)
  2 frilled lizards
  5 goblins (D:1)
  3 kobolds (D:1)
  9 rats
29 creatures vanquished.

Notes
Turn   | Place    | Note
-------+----------+-------------------------------------------
     0 | D:1      | iamserjio the Gargoyle Fighter began the quest for the Orb.
     0 | D:1      | Reached XP level 1. HP: 14/14 MP: 1/1
   116 | D:1      | Reached XP level 2. HP: 19/19 MP: 2/2
   225 | D:2      | Found an opulent altar of Gozag.
   228 | D:2      | Reached XP level 3. HP: 19/23 MP: 3/3
   312 | D:3      | Reached XP level 4. HP: 26/29 MP: 4/4
   347 | D:4      | Noticed an ogre
   348 | D:4      | HP: 1/29 [ogre/giant club (9)]
   351 | D:4      | Mangled by an ogre

Vault maps used:
D:1:      co_arrival_random_square_maze, minmay_domino_2
D:2:      led_sif_pool, lemuel_doored_altar, tgw_trog, first_ration,
          st_stairs_9, uniq_jessica
D:3:      corexii_shack_village
D:4:      kennysheep_little_box, nicolae_ru_the_path_less_chosen

Skill      XL: |  1 |
---------------+----+-----
Axes           | 2 |  2.7
Fighting       | |  3.7
Armour         | |  3.7
Shields        | |  3.7

Action                   |  1- 3 |  4- 6 || total
-------------------------+-------+-------++-------
Melee: War axe           |   102 |     2 ||   104
  Use: Scroll            |       |     2 ||     2
       Potion            |       |     2 ||     2
Armor: Scale mail        |    88 |       ||    88
Dodge: Dodged            |    62 |     1 ||    63
Block: Shield            |    77 |       ||    77

Table legend:
 A = Spawn XP
 B = Non-spawn XP
 C = Spawn XP percentage of total XP
 D = Spawn monster count
 E = Non-spawn monster count
 F = Spawn count percentage of total count
 G = Total turns spent on level
                    A         B        C        D         E        F      G
               +---------+---------+-------+---------+---------+-------+---------
         Total |       0 |      85 |   0.0 |       0 |      29 |   0.0 |   351
               +---------+---------+-------+---------+---------+-------+---------
           D:1 |       0 |      27 |   0.0 |       0 |      17 |   0.0 |   188
           D:2 |       0 |       7 |   0.0 |       0 |       6 |   0.0 |    64
           D:3 |       0 |      51 |   0.0 |       0 |       6 |   0.0 |    88
               +---------+---------+-------+---------+---------+-------+---------
